 Dungeon Crawl Stone Soup version 0.27-a0-1287-gca74d27db6 (webtiles) character file.

Game seed: 924108784856999258

3857 solopath the Carver (level 10, -19/74 HPs)
             Began as a Formicid Fighter on June 15, 2021.
             Was an Initiate of Uskayaw.
             Demolished by a two-headed ogre (27 damage)
             ... on level 9 of the Dungeon.
             The game lasted 00:21:00 (9318 turns).

solopath the Carver (Formicid Fighter)              Turns: 9318, Time: 00:21:01

Health: -19/74     AC:  9    Str: 24    XL:     10   Next: 41%
Magic:  10/15      EV: 10    Int: 11    God:    Uskayaw [......]
Gold:   398        SH: 10    Dex: 10    Spells: 9/9 levels left

rFire    . . .     SeeInvis +   w - +4 great sword (freeze)
rCold    . . .     Faith    .   f - +5 buckler of Jucop {rPois Will+ Str+3}
rNeg     . . .     Spirit   .   b - +1 scale mail
rPois    +         Reflect  .   (helmet unavailable)
rElec    .         Harm     .   (no cloak)
rCorr    .         Rampage  .   (no gloves)
Will     +++..                  (no boots)
Stlth    ..........             g - amulet of magic regeneration
HPRegen  0.22/turn              p - ring of willpower
MPRegen  0.39/turn              (no ring)

@: no status effects
A: permanent stasis, dig shafts and tunnels, antennae 3, four strong arms
a: Dig, Shaft Self, Renounce Religion


You were on level 9 of the Dungeon.
You worshipped Uskayaw.
Uskayaw was noncommittal.
You visited 1 branch of the dungeon, and saw 9 of its levels.
You also visited: Ossuary.

You collected 467 gold pieces.
You spent 69 gold pieces at shops.

Inventory:

Hand Weapons
 a - a +0 long sword
 w - a +4 great sword of freezing (weapon)
Missiles
 m - a throwing net
 n - 5 atropa-tipped darts
 u - a curare-tipped dart
Armour
 b - a +1 scale mail (worn)
 c - a +0 kite shield
 f - the +5 buckler of Jucop (worn) {rPois Will+ Str+3}
   (You acquired it on level 3 of the Dungeon)

   It affects your strength (+3).
   It protects you from poison.
   It increases your willpower.
Jewellery
 g - an amulet of magic regeneration (around neck)
 p - a ring of willpower (left hand)
 y - a ring of flight
Wands
 o - a wand of polymorph (1)
 q - a wand of charming (9)
 t - a wand of flame (47)
Scrolls
 d - 2 scrolls of silence
 e - 6 scrolls of identify
 r - a scroll of blinking
 s - a scroll of fear
 v - a scroll of magic mapping {unknown}
 x - a scroll of amnesia
Potions
 h - 2 potions of brilliance
 i - a potion of heal wounds
 j - 3 potions of curing
 k - 2 potions of lignification
 l - a potion of cancellation


   Skills:
 - Level 5.0 Fighting
 * Level 9.8 Long Blades
 * Level 7.8 Armour
 - Level 7.0 Shields
 + Level 7.1 Invocations


You had 9 spell levels left.
You didn't know any spells.
Your spell library was empty.

Dungeon Overview and Level Annotations

Branches:
Dungeon (8/15)             Temple (0/1) D:7         Ossuary (visited)
   Lair: D:8-11

Altars:
Ashenzari
Elyvilon
Fedhas
Kikubaaqudgha
Nemelex Xobeh
Qazlal
Trog
Uskayaw
Yredelemnul

Shops:
D:3 ?   D:4 *


Innate Abilities, Weirdness & Mutations

You cannot be hasted, slowed, berserked, paralysed or teleported.
You can dig through walls and to a lower floor.
You have a pair of large antennae on your head. (SInv)
Your four strong arms can wield two-handed weapons with a shield.


Message History

Press: ? - help, Shift-Dir - straight line, f/p - two-headed ogre
Aim: a two-headed ogre, wielding a +0 giant club and a +0 giant spiked club (lightly wounded, will become a snapping turtle, a shock serpent, or a manticore, chance to affect: 28%)
The two-headed ogre easily resists.
You slash the two-headed ogre! You freeze the two-headed ogre!
The two-headed ogre is heavily wounded.
The two-headed ogre closely misses you.
You riposte.
Your scale mail prevents you from hitting the two-headed ogre.
The two-headed ogre is moderately wounded.
The two-headed ogre hits you with a +0 giant spiked club!
You can now pass through a line of other dancers.
Aiming: Line Pass
Press: ? - help, Dir - move target, p - two-headed ogre The two-headed ogre appears confused.
You can no longer pass through a line of other dancers.
The two-headed ogre misses you. The two-headed ogre closely misses you.
You slash the two-headed ogre! You freeze the two-headed ogre.
The two-headed ogre is heavily wounded.
The two-headed ogre seems less confused.
The two-headed ogre hits you with a +0 giant club!
The two-headed ogre hits you with a +0 giant spiked club.
You hit the two-headed ogre but do no damage.
The two-headed ogre is heavily wounded.
The two-headed ogre hits you with a +0 giant club!
The two-headed ogre barely misses you.
You barely miss the two-headed ogre.
The two-headed ogre is heavily wounded.
The two-headed ogre hits you with a +0 giant club!!
* * * LOW HITPOINT WARNING * * *
The two-headed ogre closely misses you.
Unknown command.
You closely miss the two-headed ogre.
The two-headed ogre is heavily wounded.
The two-headed ogre completely misses you.
You block the two-headed ogre's attack.
You stomp with the beat, sending a shockwave through the revellers around you!
The two-headed ogre is severely wounded.
You can no longer stomp with the beat.
You block the two-headed ogre's attack.
The two-headed ogre hits you with a +0 giant spiked club!!
You die...

##............
+.............
#............. {
#............. #....#
#............ #....#
#............ #....#
#............
#....#######...O@.......
#...(#.(...#..##########
#....#...#.#..#
#....#.....#..#
#....##'####..#
#.....>...'...#
#.........#...#
'.........#+###
#....######


You could see a two-headed ogre.

Vanquished Creatures
  2 wraiths (Ossuary)
  A water moccasin (D:7)
  2 ice beasts
  A sky beast (D:7)
  3 orc warriors
  2 necrophages (D:7)
  4 ogres
  A hornet zombie (D:7)
  A kobold brigand (D:7)
  2 bullfrogs
  2 wyvern zombies (D:7)
  4 scorpions
  10 wights
  A howler monkey (D:6)
  2 centaur zombies
  A bullfrog zombie (D:7)
  2 hounds
  3 jellies
  A human zombie (D:7)
  9 orc priests
  2 bullfrog skeletons (D:6)
  2 centaur skeletons
  10 orc wizards
  A mummy (D:7)
  2 hound skeletons (D:5)
  2 howler monkey zombies (D:7)
  Robin (D:2)
  3 gnolls (D:4)
  A howler monkey skeleton (D:7)
  9 adders
  3 white imps (D:5)
  2 ufetubi
  3 worms
  6 dart slugs
  37 orcs
  2 endoplasms (D:1)
  5 giant cockroaches
  8 hobgoblins
  3 jackals (D:1)
  2 quokkas
  4 ball pythons
  10 bats
  2 frilled lizards (D:1)
  10 goblins
  2 hobgoblin skeletons (Ossuary)
  2 hobgoblin zombies (Ossuary)
  9 kobolds
  A kobold zombie (Ossuary)
  2 orc skeletons (Ossuary)
  An orc zombie (Ossuary)
  3 rats
204 creatures vanquished.

Vanquished Creatures (others)
  A fungus (D:4)
  5 plants (D:4)
6 creatures vanquished.

Grand Total: 210 creatures vanquished

Notes
Turn   | Place    | Note
-------+----------+-------------------------------------------
     0 | D:1      | solopath the Formicid Fighter began the quest for the Orb.
     0 | D:1      | Reached XP level 1. HP: 18/18 MP: 1/1
   312 | D:1      | Reached XP level 2. HP: 22/24 MP: 2/2
   476 | D:1      | Reached XP level 3. HP: 18/29 MP: 3/3
   477 | D:1      | Reached skill level 3 in Long Blades
  1278 | D:2      | Noticed Robin
  1300 | D:2      | Reached XP level 4. HP: 17/35 MP: 4/4
  1305 | D:2      | Killed Robin
  1575 | D:2      | Found a faded altar of an unknown god.
  1588 | D:2      | Became a worshipper of Uskayaw the Reveller
  1588 | D:2      | Reached * piety under Uskayaw
  1787 | D:3      | Identified a scroll of acquirement
  1787 | D:3      | Acquired the +5 buckler of Jucop {rPois Will+ Str+3}
  1926 | D:3      | Reached skill level 4 in Long Blades
  1968 | D:3      | Reached XP level 5. HP: 39/41 MP: 5/5
  2057 | D:3      | Reached skill level 1 in Invocations
  2221 | D:3      | Found Tief's Magic Scroll Boutique.
  2594 | D:3      | Reached ** piety under Uskayaw
  2600 | D:3      | Reached *** piety under Uskayaw
  2816 | D:4      | Found a blossoming altar of Fedhas.
  2927 | D:4      | Noticed an ogre
  2936 | D:4      | Killed an ogre
  2937 | D:4      | Reached skill level 5 in Shields
  2937 | D:4      | Reached XP level 6. HP: 27/47 MP: 7/7
  3069 | D:4      | Found a stormy altar of Qazlal.
  3091 | D:4      | Reached skill level 5 in Long Blades
  3360 | D:4      | Noticed an ogre
  3370 | D:4      | Killed an ogre
  3371 | D:4      | Reached XP level 7. HP: 37/52 MP: 9/9
  3506 | D:4      | Found Plog's Assorted Antiques.
  3532 | D:4      | Bought a lumpy green potion for 23 gold pieces
  3532 | D:4      | Bought a white potion for 23 gold pieces
  3532 | D:4      | Bought a fizzy orange potion for 23 gold pieces
  3746 | D:4      | You fall into a shaft and drop 3 floors!
  3903 | D:7      | Reached skill level 6 in Long Blades
  4050 | D:6      | Found a sand-covered staircase.
  4073 | Ossuary  | Entered an ossuary
  4105 | Ossuary  | Reached XP level 8. HP: 51/58 MP: 9/11
  4129 | Ossuary  | Reached **** piety under Uskayaw
  4158 | Ossuary  | Noticed a wraith
  4158 | Ossuary  | Noticed a flying skull
  4165 | Ossuary  | Noticed a flying skull
  4182 | Ossuary  | Noticed a flying skull
  4190 | Ossuary  | Noticed a wraith
  4202 | Ossuary  | Killed a wraith
  4206 | Ossuary  | Noticed a flying skull
  4244 | Ossuary  | Noticed a wraith
  4249 | Ossuary  | Killed a wraith
  4250 | Ossuary  | Reached skill level 7 in Long Blades
  4416 | Ossuary  | Noticed a flying skull
  4441 | Ossuary  | Reached skill level 5 in Invocations
  4632 | D:5      | Entered Level 5 of the Dungeon
  4661 | D:5      | Reached XP level 9. HP: 23/65 MP: 6/12
  4916 | D:5      | Found a white marble altar of Elyvilon.
  5266 | D:4      | Found a basalt altar of Yredelemnul.
  5266 | D:4      | Found a bloodstained altar of Trog.
  5735 | D:5      | Reached skill level 8 in Long Blades
  5843 | D:5      | Found a sparkling altar of Nemelex Xobeh.
  6169 | D:6      | Reached skill level 5 in Armour
  7636 | D:7      | Reached skill level 5 in Fighting
  7655 | D:7      | Reached skill level 9 in Long Blades
  7655 | D:7      | Reached XP level 10. HP: 20/74 MP: 7/14
  7918 | D:7      | Found an ancient bone altar of Kikubaaqudgha.
  8447 | D:7      | Found a staircase to the Ecumenical Temple.
  8803 | D:8      | Noticed a centaur warrior
  9066 | D:8      | Found a broken altar of Ashenzari.
  9155 | D:8      | You fall into a shaft and drop 1 floor!
  9307 | D:9      | Noticed a two-headed ogre
  9318 | D:9      | Demolished by a two-headed ogre

Illustrated notes

Levels and vault maps discovered:
D:1:      minmay_arrival_cross, layout_rooms, minmay_statues_item
D:2:      layout_rooms, shapermc_ecumenical_altar_starsandcircs, uniq_robin
D:3:      layout_loops_ring, serial_shops, shop, gup_sewer_entry_spiral
D:4:      layout_gridville, nicolae_qazlal_scattered_showers, fedhas_altar_3,
          gammafunk_temple_overflow_wave, serial_shops,
          nicolae_shop_overgrown_old_shop
D:5:      layout_gridville, lemuel_round_altar, overflow_temple_1_default,
          saegor_snake_ambush
D:6:      layout_basic, nicolae_ossuary_entry_ruins
D:7:      layout_cave_pods, lemuel_mausoleum_altar_kikubaaqudgha,
          minmay_temple_entry_trees, kennysheep_generic_room_5
D:8:      layout_cave_pools, zin_statuary, okawaru_ov_weapons_minmay,
          nicolae_ashenzari_skybound, uniq_erica
D:9:      layout_stronghold, led_sif_pool, marbit_many_paths

Skill      XL: |  1  2  3  4  5  6  7  8  9 10 |
---------------+-------------------------------+-----
Shields        | 4 5 6 7 |  7.0
Long Blades    | 3 4 5 6 7 9 |  9.8
Invocations    | 2 3 4 5 6 7 |  7.1
Armour         | 4 6 7 |  7.8
Fighting       | 5 |  5.0

Action                   |  1- 3 |  4- 6 |  7- 9 | 10-12 || total
-------------------------+-------+-------+-------+-------++-------
Melee: Long sword        |   128 |   132 |   331 |       ||   591
       Great sword       |       |       |     8 |    97 ||   105
Invok: Stomp             |       |     2 |    18 |     6 ||    26
       Line Pass         |       |     1 |     2 |     4 ||     7
 Abil: Dig               |       |     1 |     2 |     1 ||     4
       Shaft Self        |       |       |       |     1 ||     1
Evoke: Wand              |       |       |       |     3 ||     3
  Use: Potion            |     1 |       |    11 |       ||    12
       Scroll            |       |     4 |     6 |       ||    10
 Stab: Paralysed         |       |     1 |    10 |     2 ||    13
       Confused          |       |       |       |     1 ||     1
Armor: Scale mail        |    60 |    43 |    87 |    32 ||   222
Dodge: Dodged            |    55 |    40 |   111 |    43 ||   249
Block: Kite shield       |    87 |     8 |       |       ||    95
       Buckler           |       |    71 |   180 |    43 ||   294
       Rpst.: Long sword |    21 |    14 |    37 |       ||    72
       Great sword       |       |       |       |    10 ||    10

Table legend: (Time is in decaauts)
 A = Elapsed time spent in this place.
 B = Non-inter-level travel time spent in this place.
 C = Inter-level travel time spent in this place.
 D = Time resting spent in this place.
 E = Time spent auto-exploring this place.
 F = Levels seen in this place.
 G = Mean time per level.
                   A        B        C        D        E       F      G
               +--------+--------+--------+--------+--------+-----+--------+
         Total |   9471 |   9238 |    233 |   1745 |   5646 |  10 |  947.1 |
       Dungeon |   8994 |   8761 |    233 |   1552 |   5579 |   9 |  999.3 |
       Ossuary |    476 |    476 |      0 |    193 |     67 |   1 |  476.0 |
               +--------+--------+--------+--------+--------+-----+--------+

Top non-repeatable levels by time:
     D:7: 2382 daAuts
     D:4: 1392 daAuts
     D:5: 1138 daAuts
     D:1: 1064 daAuts
     D:3: 1026 daAuts
     D:6: 904 daAuts
     D:2: 779 daAuts
 Ossuary: 476 daAuts
     D:9: 167 daAuts
     D:8: 138 daAuts
